 Dungeon Crawl Stone Soup version 0.27.0-1-g7a089689b8 (webtiles) character file.

Game seed: 4611708521345710607

228 horus123 the Poker (level 6, -1/47 HPs)
             Began as a Merfolk Gladiator on Aug 1, 2021.
             Was a Follower of Ru.
             Slain by a sky beast (6 damage)
             ... on level 3 of the Dungeon.
             The game lasted 00:13:20 (3107 turns).

horus123 the Poker (Merfolk Gladiator)              Turns: 3107, Time: 00:13:21

Health: -1/47      AC:  9    Str: 14    XL:     6   Next: 2%
Magic:  6/6        EV:  7    Int:  8    God:    Ru [*.....]
Gold:   77         SH:  0    Dex: 17    Spells: 5/5 levels left

rFire    . . .     SeeInvis .   a - +0 trident
rCold    + . .     Faith    .   (no shield)
rNeg     . . .     Spirit   .   m - +0 chain mail
rPois    .         Reflect  .   c - +0 helmet
rElec    .         Harm     .   (no cloak)
rCorr    .         Rampage  .   (no gloves)
Will     .....                  (no boots)
Stlth    ..........             (no amulet)
HPRegen  0.15/turn              f - ring of protection from cold
MPRegen  0.10/turn              (no ring)

@: no status effects
A: no ice magic, no necromancy magic, no transmutations magic, (nimble swimmer
2), mertail
a: Renounce Religion


You were on level 3 of the Dungeon.
You worshipped Ru.
Ru was aware of your devotion.
You visited 1 branch of the dungeon, and saw 3 of its levels.

You collected 77 gold pieces.

Inventory:

Hand Weapons
 a - a +0 trident (weapon)
 o - a +2 dagger of speed
Missiles
 d - a throwing net (quivered)
Armour
 b - a +0 leather armour
 c - a +0 helmet (worn)
 m - a +0 chain mail (worn)
Jewellery
 f - a ring of protection from cold (left hand)
Scrolls
 g - a scroll of vulnerability {unknown}
 h - 2 scrolls of noise {unknown}
 i - a scroll of enchant armour {unknown}
 j - a scroll of amnesia {unknown}
 k - a scroll of identify {unknown}
 n - 2 scrolls of blinking {unknown}
Potions
 e - 3 potions of lignification
 l - a potion of attraction {unknown}


   Skills:
 + Level 3.0 Fighting
 + Level 7.5 Polearms
 + Level 2.0 Throwing
 + Level 1.3 Armour
 + Level 4.8 Dodging
 + Level 1.2 Stealth


You had 5 spell levels left.
You didn't know any spells.
Your spell library was empty.

Dungeon Overview and Level Annotations

Branches:
Dungeon (3/15)

Altars:
Ru


Innate Abilities, Weirdness & Mutations

You cannot study or cast Ice magic.
You cannot study or cast Necromancy magic.
You cannot study or cast Transmutations magic.
((You are quick and stealthy near water. (Stealth+, EV+, Speed+++)))
Your lower body shifts to a powerful aquatic tail in water.


Message History

You hit the sky beast.
The sky beast is moderately wounded.
The sky beast hits you but does no damage.
Your chain mail prevents you from hitting the sky beast.
The sky beast is moderately wounded.
You closely miss the sky beast.
The sky beast is moderately wounded.
The sky beast barely misses you.
You hit the sky beast but do no damage.
The sky beast is moderately wounded.
The sky beast hits you. The sky beast shocks you.
You hit the sky beast but do no damage.
The sky beast is moderately wounded.
The sky beast flickers out of sight!
Deactivating autopickup; reactivate with Ctrl-A.
Something hits you. Something shocks you.
You hit something but do no damage. Something hits you but does no damage.
Your chain mail prevents you from hitting something.
Something hits you. Something shocks you.
You miss something. Something hits you but does no damage.
You barely miss something. Something hits you but does no damage.
You miss something. Something hits you but does no damage.
You barely miss something. Something hits you but does no damage.
You miss something. Something hits you but does no damage.
You miss something. Something hits you. Something shocks you.
* * * LOW HITPOINT WARNING * * *
You closely miss something. Something hits you but does no damage.
You miss something. You barely miss something.
Something hits you but does no damage.
You miss something. Something hits you but does no damage.
You hit something but do no damage. Something hits you but does no damage.
You miss something. Something hits you but does no damage.
You closely miss something. Something hits you.
* * * LOW HITPOINT WARNING * * *
Something shocks you.
* * * LOW HITPOINT WARNING * * *
You hit something but do no damage. Something hits you.
* * * LOW HITPOINT WARNING * * *
Something shocks you.
You die...

....#.#. #............# #.##)#
#####.#. ##########...###.##.#
...#... #.#.....##.#
.#>#..###############.########.#
.......................# #>##
......#.#####.#######.<### #(..
......#.#####..######....#####.##
###..##.##.......................
#..##.##...P..@{......(P......P
###..##.##..♣♣♣...♣♣♣..P♣♣♣P..♣♣♣
.....##.##.. ♣...♣ ♣...♣ ♣...♣
###.###.##..♣♣♣...♣♣♣...♣♣♣..P♣♣♣
..#.# #......P.P.P...............
#.#.# ##.......................
#.# #..............P........ #.#
#..♣♣♣...♣♣♣...♣♣♣..P♣♣♣ #.# #..
♣...♣ ♣...♣ ♣...♣


There were no monsters in sight!

Vanquished Creatures
  An orc priest (D:3)
  Natasha (twice) (D:2)
  Terence (D:2)
  Robin (D:3)
  3 adders
  2 worms
  2 dart slugs (D:1)
  4 orcs (D:3)
  8 endoplasms
  2 giant cockroaches (D:1)
  5 hobgoblins
  6 jackals
  A kobold (D:1)
  4 quokkas
  5 ball pythons
  8 bats (D:1)
  A frilled lizard (D:1)
  12 goblins
  5 rats
73 creatures vanquished.

Vanquished Creatures (others)
  66 plants (D:3)
66 creatures vanquished.

Grand Total: 139 creatures vanquished

Notes
Turn   | Place    | Note
-------+----------+-------------------------------------------
     0 | D:1      | horus123 the Merfolk Gladiator began the quest for the Orb.
     0 | D:1      | Reached XP level 1. HP: 16/16 MP: 1/1
   169 | D:1      | Found a faded altar of an unknown god.
   180 | D:1      | Became a worshipper of Ru the Awakened
   192 | D:1      | Gained mutation: You cannot study or cast Ice magic. [Ru
                  | sacrifice]
   192 | D:1      | Gained mutation: You cannot study or cast Transmutations
                  | magic. [Ru sacrifice]
   192 | D:1      | Gained mutation: You cannot study or cast Necromancy magic.
                  | [Ru sacrifice]
   192 | D:1      | Reached * piety under Ru
   213 | D:1      | Reached XP level 2. HP: 20/22 MP: 2/2
   534 | D:1      | Reached skill level 5 in Polearms
   670 | D:1      | Reached XP level 3. HP: 28/28 MP: 3/3
   918 | D:2      | Noticed Terence
   925 | D:2      | Killed Terence
   926 | D:2      | Reached XP level 4. HP: 22/34 MP: 4/4
  1278 | D:2      | Reached skill level 6 in Polearms
  1278 | D:2      | Reached skill level 1 in Stealth
  1281 | D:2      | Noticed Natasha
  1293 | D:2      | Killed Natasha
  1494 | D:2      | Reached XP level 5. HP: 38/40 MP: 5/5
  1817 | D:2      | Noticed Natasha
  1830 | D:2      | Killed Natasha
  2103 | D:3      | Noticed Robin
  2160 | D:3      | Reached skill level 7 in Polearms
  2173 | D:3      | Reached skill level 1 in Armour
  2977 | D:3      | Killed Robin
  2978 | D:3      | Reached XP level 6. HP: 44/47 MP: 6/6
  3076 | D:3      | Noticed a sky beast
  3107 | D:3      | Slain by a sky beast

Illustrated notes

Levels and vault maps discovered:
D:1:      minmay_arrival_stair_chambers, layout_basic,
          hellmonk_ecumenical_altar_slurped_away, minmay_tetromino_i2
D:2:      layout_basic, nrook_mini_vaults, uniq_natasha, uniq_terence
D:3:      layout_loops_ring, kennysheep_boxes, uniq_robin

Skill      XL: |  1  2  3  4  5 |
---------------+----------------+-----
Polearms       | 5 6 7 |  7.5
Stealth        | 1 |  1.2
Fighting       | 3 |  3.0
Armour         | 1 |  1.3
Throwing       | |  2.0
Dodging        | |  4.8

Action                   |  1- 3 |  4- 6 || total
-------------------------+-------+-------++-------
Melee: Trident           |    80 |   177 ||   257
Throw: Throwing net      |       |     2 ||     2
Invok: Sacrifice Arcana  |     1 |       ||     1
  Use: Potion            |       |     1 ||     1
 Stab: Sleeping          |     3 |       ||     3
       Held in net/web   |       |     1 ||     1
Armor: Leather armour    |    15 |     1 ||    16
       Chain mail        |       |    71 ||    71
Dodge: Dodged            |    33 |    43 ||    76
